[Event "Titled Tuesday Blitz February 14 Late 2023"]
[White "Bernadskiy, Vitaliy"]
[Black "Rasulov, Vugar"]
[WhiteFideId "14100371"]
[BlackFideId "13402390"]
[WhiteElo "2592"]
[BlackElo "2523"]
[Result "1-0"]
[Round "04"]
[TimeControl "180+2"]
[Date "2023.02.14"]
[WhiteClock "0:00:06"]
[BlackClock "0:00:04"]

1. d4 Nf6 2. Nc3 e6 3. Bf4 d5 4. e3 Bd6 5. Nf3 O-O 6. Bd3 c5 7. dxc5 Bxf4 8. exf4 Qc7 9. Qd2 Qxc5 10. O-O Nc6 11. Rfe1 b6 12. h3 Bb7 13. a3 Rad8 14. Qe2 Rfe8 15. Rad1 Nh5 16. Ng5 Nf6 17. Nf3 g6 18. Qd2 Rc8 19. f5 exf5 20. Bxf5 Rcd8 21. Qg5 Kg7 22. Bd3 h6 23. Qf4 Nh5 24. Qc7 Re7 25. Rxe7 Qxe7 26. Qxe7 Nxe7 27. Nb5 a6 28. Nbd4 Nf4 29. Re1 Kf6 30. Ne5 h5 31. Bf1 Rd6 32. h4 Bc8 33. g3 Ne6 34. Ndf3 b5 35. Bh3 d4 36. Bxe6 Bxe6 37. Ng5 Nf5 38. Nd3 Bd5 39. Nf4 Bb7 40. Re8 Rd7 41. Kf1 Kg7 42. Ke1 Nd6 43. Rb8 Nc4 44. Nd3 Re7+ 45. Kd1 f6 46. Ne6+ Kf7 47. Nxd4 Be4 48. b3 Nxa3 49. Nc5 a5 50. Nxe4 Rxe4 51. Nxb5 Nxb5 52. Rxb5 a4 53. bxa4 Rxa4 54. Kd2 Ra1 55. c4 Ra2+ 56. Ke3 Ra3+ 57. Kd4 Ra2 58. c5 Rxf2 59. c6 Ke7 60. Rd5 Rc2 61. Rc5 Rxc5 62. Kxc5 g5 63. Kb6 gxh4 64. gxh4 f5 65. c7 f4 66. c8=Q 1-0


[Site "https://www.chess.com"]

[Event "Titled Tuesday Blitz February 14 Late 2023"]
[White "Madaminov, Mukhiddin"]
[Black "Melikyan, Gnel"]
[WhiteFideId "14210703"]
[BlackFideId "54109990"]
[WhiteElo "2422"]
[BlackElo "2238"]
[Result "1-0"]
[Round "04"]
[TimeControl "180+2"]
[Date "2023.02.14"]
[WhiteClock "0:02:16"]
[BlackClock "0:01:00"]

1. d4 Nf6 2. Nc3 d5 3. Bf4 c6 4. e3 Bf5 5. f3 h6 6. g4 Bg6 7. h4 e6 8. Bd3 Bxd3 9. Qxd3 Bd6 10. Nge2 Na6 11. O-O-O Rc8 12. e4 dxe4 13. fxe4 Nxg4 14. Qg3 Bxf4+ 15. Nxf4 h5 16. Nxh5 Rxh5 17. Qxg4 g6 18. e5 Kd7 19. Ne4 Kc7 20. Nd6 Qe7 21. Nxc8 Kxc8 22. a3 Nc7 23. Rdf1 Kd8 24. c4 Ke8 25. Rf4 b5 26. Rhf1 Rh7 27. h5 g5 28. Rf6 bxc4 29. Qxg5 Kd7 30. Qg8 1-0


[Site "https://www.chess.com"]

[Event "Titled Tuesday Blitz February 14 Late 2023"]
[White "Ahmadzada, Ahmad"]
[Black "Gutenev, Alexander"]
[WhiteFideId "13413007"]
[BlackFideId "4195540"]
[WhiteElo "2488"]
[BlackElo "2455"]
[Result "0-1"]
[Round "04"]
[TimeControl "180+2"]
[Date "2023.02.14"]
[WhiteClock "0:00:10"]
[BlackClock "0:01:44"]

1. Nf3 Nf6 2. g3 b6 3. Bg2 Bb7 4. O-O g6 5. Re1 Bg7 6. d3 d5 7. Nbd2 O-O 8. e4 dxe4 9. Ng5 c5 10. Ndxe4 Nc6 11. Nc3 Qd7 12. Bf4 Nd4 13. Nge4 Nh5 14. Bd2 f5 15. Ng5 e5 16. Nf3 Rae8 17. Be3 Nf6 18. a4 Ng4 19. h3 Nxe3 20. fxe3 Nxf3+ 21. Bxf3 Bxf3 22. Qxf3 e4 23. dxe4 fxe4 24. Qg2 Bxc3 25. bxc3 Rf3 26. Rad1 Qxa4 27. Rd6 Ref8 28. Re6 Qc4 29. Re7 Qxc3 0-1


[Site "https://www.chess.com"]

[Event "Titled Tuesday Blitz February 14 Late 2023"]
[White "Nakamura, Hikaru"]
[Black "Koellner, Ruben Gideon"]
[WhiteFideId "2016192"]
[BlackFideId "12993093"]
[WhiteElo "2775"]
[BlackElo "2426"]
[Result "1-0"]
[Round "04"]
[TimeControl "180+2"]
[Date "2023.02.14"]
[WhiteClock "0:01:04"]
[BlackClock "0:00:04"]

1. Nf3 Nf6 2. e3 d6 3. d4 Nbd7 4. c4 e5 5. Nc3 Be7 6. Bd3 O-O 7. O-O Re8 8. Bc2 exd4 9. exd4 Nf8 10. h3 Ng6 11. d5 Nd7 12. Nd4 a5 13. Be3 Nc5 14. a3 Bf6 15. b4 axb4 16. axb4 Rxa1 17. Qxa1 Na6 18. Qa3 Bd7 19. Ne4 Ne5 20. Qb3 Be7 21. f4 Ng6 22. f5 Ne5 23. f6 gxf6 24. Ng3 Kh8 25. Ndf5 Rg8 26. Kh2 Bf8 27. Bd2 c6 28. dxc6 Bxc6 29. Be4 Qb6 30. Bc3 Nc5 31. Qc2 Nxe4 32. Nxe4 Nxc4 33. Bxf6+ Bg7 34. Nxg7 Rxg7 35. Qxc4 1-0


[Site "https://www.chess.com"]

[Event "Titled Tuesday Blitz February 14 Late 2023"]
[White "Kalogeris, Ioannis"]
[Black "Lenderman, Aleksandr"]
[WhiteFideId "4239563"]
[BlackFideId "2021285"]
[WhiteElo "2423"]
[BlackElo "2572"]
[Result "0-1"]
[Round "04"]
[TimeControl "180+2"]
[Date "2023.02.14"]
[WhiteClock "0:01:08"]
[BlackClock "0:02:06"]

1. e4 c6 2. d4 g6 3. e5 Bg7 4. Nf3 d6 5. exd6 exd6 6. Bd3 Ne7 7. O-O O-O 8. Bf4 Nd5 9. Bg3 Nb4 10. Be2 Bf5 11. Na3 d5 12. c3 N4a6 13. Be5 Nc7 14. Bxg7 Kxg7 15. Re1 Re8 16. Bd3 Rxe1+ 17. Nxe1 Be6 18. Bf1 Nd7 19. Nd3 Qf6 20. Qd2 Re8 21. Re1 Bf5 22. Rxe8 Nxe8 23. Nc2 Nd6 24. f3 Nc4 25. Qc1 Qe7 26. b3 Nd6 27. Qe3 Qxe3+ 28. Nxe3 Nb5 29. Nd1 Na3 30. g4 Bxd3 31. Bxd3 Nf8 32. Kf2 Ne6 33. h4 Nf4 34. Bf1 h6 35. Ke3 g5 36. hxg5 hxg5 37. c4 Nc2+ 38. Kf2 Nxd4 39. Ne3 Kf6 40. cxd5 cxd5 41. b4 Ke5 42. a4 Nc6 43. b5 Nd4 44. a5 b6 45. axb6 axb6 46. Ke1 Nxf3+ 0-1


[Site "https://www.chess.com"]

[Event "Titled Tuesday Blitz February 14 Late 2023"]
[White "Janaszak, Dawid"]
[Black "Sanal, Vahap"]
[WhiteFideId "1119206"]
[BlackFideId "6300545"]
[WhiteElo "2316"]
[BlackElo "2600"]
[Result "0-1"]
[Round "04"]
[TimeControl "180+2"]
[Date "2023.02.14"]
[WhiteClock "0:00:02"]
[BlackClock "0:00:16"]

1. d4 d6 2. e4 Nf6 3. Nc3 e5 4. Nge2 Nbd7 5. g3 Be7 6. Bg2 c6 7. a4 O-O 8. h3 exd4 9. Nxd4 Nc5 10. O-O a5 11. g4 Re8 12. g5 Nfd7 13. f4 Bf8 14. h4 Nb6 15. h5 Ne6 16. Nf5 d5 17. exd5 Nxd5 18. Nxd5 cxd5 19. Qxd5 Qc7 20. c3 Bd7 21. Qe5 Qc4 22. Qd5 Qc7 23. Qe5 Qc4 24. Qd5 Qxd5 25. Bxd5 Nc7 26. Ne3 Bc5 27. Bxb7 Rab8 28. Bf3 Bxe3+ 29. Bxe3 Rxe3 30. Kf2 Re7 31. b4 axb4 32. cxb4 Rxb4 33. a5 Rxf4 34. a6 Bc6 35. Kg3 Rxf3+ 36. Rxf3 Bxf3 37. Kxf3 Nb5 38. Rb1 Nd4+ 39. Kf4 h6 40. g6 fxg6 41. hxg6 Re8 42. a7 Nc6 43. Rb7 Ra8 44. Rb6 Nxa7 45. Ra6 Rf8+ 46. Kg4 Nb5 47. Kh5 Nc7 48. Ra5 Ne8 49. Ra4 Nf6+ 50. Kh4 Re8 51. Kg3 Kf8 52. Ra7 Re7 53. Ra8+ Ne8 54. Ra7 0-1


[Site "https://www.chess.com"]

[Event "Titled Tuesday Blitz February 14 Late 2023"]
[White "Kollars, Dmitrij"]
[Black "Marosi, Levente"]
[WhiteFideId "12909572"]
[BlackFideId "747181"]
[WhiteElo "2607"]
[BlackElo "2303"]
[Result "1-0"]
[Round "04"]
[TimeControl "180+2"]
[Date "2023.02.14"]
[WhiteClock "0:01:30"]
[BlackClock "0:00:46"]

1. Nf3 d6 2. e4 c5 3. Bb5+ Bd7 4. Bxd7+ Qxd7 5. c4 Nc6 6. Nc3 g6 7. d4 cxd4 8. Nxd4 Bg7 9. Be3 Nf6 10. h3 O-O 11. O-O Rfd8 12. Qd3 e6 13. Rad1 Rac8 14. b3 a6 15. Nxc6 Rxc6 16. f4 Qc7 17. f5 b5 18. fxe6 fxe6 19. c5 Rxc5 20. Bxc5 Qxc5+ 21. Kh1 Nh5 22. Ne2 Be5 23. Rc1 Qb6 24. Qf3 Qa7 25. g4 Nf6 26. Nf4 Qe7 27. Nd3 Bd4 28. e5 Nd5 29. exd6 Qxd6 30. Qf7+ Kh8 31. Nf4 Ne3 32. Rc7 1-0


[Site "https://www.chess.com"]

[Event "Titled Tuesday Blitz February 14 Late 2023"]
[White "Chigaev, Maksim"]
[Black "Saveliev, Alexei"]
[WhiteFideId "4108116"]
[BlackFideId "24128546"]
[WhiteElo "2628"]
[BlackElo "2385"]
[Result "1-0"]
[Round "04"]
[TimeControl "180+2"]
[Date "2023.02.14"]
[WhiteClock "0:00:02"]
[BlackClock "0:00:02"]

1. e4 c5 2. Nf3 Nc6 3. Bb5 g6 4. O-O Bg7 5. c3 Nf6 6. Re1 O-O 7. h3 a6 8. Bxc6 bxc6 9. d4 cxd4 10. cxd4 d5 11. e5 Ne4 12. Nc3 Bf5 13. Nh4 Nxc3 14. bxc3 Qa5 15. Nxf5 gxf5 16. Qf3 e6 17. Bg5 h6 18. Be7 Rfe8 19. Bd6 Kh7 20. a4 Ra7 21. Reb1 Bf8 22. Bb4 Qc7 23. Bxf8 Rxf8 24. Kh2 Rb7 25. Rxb7 Qxb7 26. g4 fxg4 27. hxg4 Qe7 28. Kg2 Rg8 29. Rh1 Rg6 30. Qf4 a5 31. Rh3 Kg7 32. Kh2 Qa3 33. Rf3 Qe7 34. Kh3 Kg8 35. Rg3 Kg7 36. Qe3 Kh7 37. f4 Rg7 38. f5 Qg5 39. Qxg5 hxg5 40. Rf3 exf5 41. Rxf5 Kg8 42. Kg3 Rg6 43. Kf3 Kf8 44. Ke3 Ke7 45. Kd3 Ke6 46. c4 Ke7 47. c5 Ke6 48. Ke3 Ke7 49. Rf1 Rh6 50. Rb1 Rh3+ 51. Ke2 Ra3 52. Rb7+ Ke6 53. Rc7 Rxa4 54. Rxc6+ Ke7 55. Kd3 Ra3+ 56. Kc2 Rg3 57. Rd6 Rxg4 58. Rxd5 Rg2+ 59. Kc3 g4 60. c6 Rg1 61. Kc2 Rg2+ 62. Kb3 a4+ 63. Kxa4 Rc2 64. Kb5 g3 65. Rd7+ 1-0


[Site "https://www.chess.com"]

[Event "Titled Tuesday Blitz February 14 Late 2023"]
[White "Zhigalko, Sergei"]
[Black "Poliakova, Varvara"]
[WhiteFideId "13502956"]
[BlackFideId "13518313"]
[WhiteElo "2572"]
[BlackElo "2010"]
[Result "1-0"]
[Round "04"]
[TimeControl "180+2"]
[Date "2023.02.14"]
[WhiteClock "0:00:02"]
[BlackClock "0:00:01"]

1. e4 e5 2. Nf3 Nc6 3. Bb5 a6 4. Ba4 Nf6 5. O-O Be7 6. Re1 b5 7. Bb3 d6 8. c3 O-O 9. h3 h6 10. d4 Bb7 11. Nbd2 Re8 12. Nf1 Bf8 13. Ng3 Na5 14. Bc2 g6 15. b3 Bg7 16. Rb1 Nc6 17. d5 Nb8 18. c4 c6 19. Be3 cxd5 20. cxd5 Nbd7 21. Qd2 Kh7 22. a4 Rc8 23. Bd3 bxa4 24. bxa4 Rc7 25. Qa5 Qc8 26. Rec1 Nc5 27. Bxc5 dxc5 28. Nd2 Bf8 29. Nc4 Qd7 30. Rb6 Kg7 31. Rcb1 Bc8 32. Rb8 h5 33. Nb6 Qd8 34. Na8 Rd7 35. Qc3 h4 36. Nf1 Nh5 37. Bxa6 Nf4 38. Qf3 Qa5 39. Rxc8 Rxc8 40. Bxc8 Rd8 41. Bb7 c4 42. Nb6 c3 43. Ne3 Bc5 44. Nec4 Qa7 45. Bc6 c2 46. Rc1 Bxb6 47. Rxc2 Bd4 48. a5 Rb8 49. Qd1 Rb4 50. Kh1 Qb8 51. d6 Rb1 52. Rc1 Rxc1 53. Qxc1 Bxf2 54. d7 Bc5 55. Qf1 Be7 56. Ba4 Qb4 57. Bc6 Bd8 58. Nxe5 Qxa5 59. Qxf4 1-0


[Site "https://www.chess.com"]

[Event "Titled Tuesday Blitz February 14 Late 2023"]
[White "Makarian, Rudik"]
[Black "Popilski, Gil"]
[WhiteFideId "44105681"]
[BlackFideId "2809060"]
[WhiteElo "2545"]
[BlackElo "2443"]
[Result "1-0"]
[Round "04"]
[TimeControl "180+2"]
[Date "2023.02.14"]
[WhiteClock "0:00:09"]
[BlackClock "0:00:10"]

1. d4 Nf6 2. c4 e6 3. Nf3 Bb4+ 4. Bd2 Qe7 5. g3 Nc6 6. b3 d5 7. Bg2 O-O 8. O-O Bxd2 9. Qxd2 Rd8 10. Qc3 Ne4 11. Qe3 Nd6 12. cxd5 exd5 13. Qxe7 Nxe7 14. Nc3 c6 15. e3 a5 16. Rfc1 Bf5 17. Na4 f6 18. h4 Be4 19. Nd2 Bxg2 20. Kxg2 Kf7 21. Nc5 b6 22. Nd3 Rac8 23. Rc2 Rc7 24. Rac1 Rdc8 25. Nf4 c5 26. dxc5 bxc5 27. Nb1 c4 28. Rd1 cxb3 29. Rxc7 Rxc7 30. axb3 Rb7 31. Nc3 Rxb3 32. Ncxd5 a4 33. Rd4 Nxd5 34. Nxd5 Rb5 35. Nc3 Rb6 36. Rxa4 Rc6 37. Ra7+ Kg6 38. Nd5 Rc2 39. Kf3 Kh6 40. Ra4 Nc4 41. Kg2 Ne5 42. Rd4 Kg6 43. Ne7+ Kf7 44. Nf5 Kg6 45. Nd6 h5 46. Ne4 Ng4 47. Rd2 Rc4 48. Nd6 Ra4 49. Nb5 Rb4 50. Nc7 Ra4 51. Ne6 Kh6 52. Nf4 Ra8 53. Rd5 g6 54. Rd2 Ra7 55. Rc2 Ra8 56. Nd5 Ra5 57. Ne7 Ra7 58. Nc8 Ra3 59. Rd2 Rc3 60. Nd6 Kg7 61. Nb5 Rb3 62. Nd4 Rb6 63. Nf3 Kh6 64. Re2 Rb3 65. Nd4 Rd3 66. Nc6 Rc3 67. Ne7 Rd3 68. Nc6 Rd6 69. Nd4 Ra6 70. f3 Ne5 71. Kf2 Nd3+ 72. Kg2 Ra1 73. Rd2 Ne5 74. Rc2 Ra3 75. Kf2 Nd3+ 76. Ke2 Ne5 77. Kf2 Nd3+ 78. Ke2 Ne5 79. Nb5 Rb3 80. Nc3 Rb7 81. Nd5 Rb3 82. Nxf6 Rb1 83. Kf2 Nd3+ 84. Ke2 Ne5 85. Rc7 Rb2+ 86. Kd1 g5 87. hxg5+ Kxg5 88. Ne4+ Kg6 89. Nd2 Ra2 90. Rc5 Kf6 91. Rb5 Ra1+ 92. Kc2 Ra2+ 93. Kc3 Ra3+ 94. Rb3 Ra2 95. Rb6+ Kf5 96. e4+ Kg5 97. f4+ Kg4 98. fxe5 Kxg3 99. e6 Ra7 100. Rd6 Re7 101. Kd4 h4 102. Nc4 Kf4 103. Kd5 h3 104. Ra6 h2 105. Ra1 Rh7 106. Kd6 h1=Q 107. Rxh1 Rxh1 108. e7 Rh8 109. e5 Kf5 110. Kd7 Rh7 111. Kd8 Rh8+ 112. e8=Q Rxe8+ 113. Kxe8 Ke6 114. Kf8 Kd5 115. Kf7 Kxc4 116. e6 1-0


[Site "https://www.chess.com"]

[Event "Titled Tuesday Blitz February 14 Late 2023"]
[White "Urazayev, Arystanbek"]
[Black "Klose, Eli"]
[WhiteFideId "13709810"]
[BlackFideId "16242955"]
[WhiteElo "2460"]
[BlackElo "1519"]
[Result "1-0"]
[Round "04"]
[TimeControl "180+2"]
[Date "2023.02.14"]
[WhiteClock "0:00:26"]
[BlackClock "0:00:04"]

1. e4 e6 2. d4 d5 3. e5 c5 4. c3 Nc6 5. Nf3 Qb6 6. a3 f6 7. Bd3 fxe5 8. Nxe5 Nxe5 9. dxe5 g6 10. O-O c4 11. Bc2 Bg7 12. Nd2 Bxe5 13. Nf3 Bg7 14. Ba4+ Bd7 15. Re1 O-O-O 16. Bxd7+ Rxd7 17. Be3 Qa6 18. Bd4 Nh6 19. Bxg7 Rxg7 20. Qd4 Nf5 21. Qc5+ Kb8 22. Ng5 Re8 23. g4 Rc7 24. Qb4 Nh4 25. Re3 h6 26. Nf3 Nxf3+ 27. Rxf3 Qb6 28. Rf6 Qxb4 29. axb4 Rg7 30. Re1 e5 31. Rd6 Rf7 32. Rxd5 Rf4 33. h3 e4 34. Rd6 h5 35. Rxg6 hxg4 36. Rxg4 Ref8 37. Rxf4 Rxf4 38. Kg2 Kc7 39. Rd1 b5 40. Rd5 Kc6 41. Rc5+ Kb6 42. Rg5 Rf6 43. Re5 Rf4 44. Re6+ Kb7 45. Rg6 Kc7 46. Rg4 Rf3 47. Rxe4 Rd3 48. Re2 Kb6 49. f3 a5 50. bxa5+ Kxa5 51. h4 Ka4 52. Kg3 Kb3 53. h5 Rd1 54. Rh2 Rg1+ 55. Kf4 Rg7 56. h6 Rh7 57. Kg5 b4 58. cxb4 Kxb4 59. Kg6 Rh8 60. h7 Re8 61. f4 Re2 62. Rxe2 1-0


[Site "https://www.chess.com"]

[Event "Titled Tuesday Blitz February 14 Late 2023"]
[White "Ibarra Jerez, Jose Carlos"]
[Black "Martynov, Pavel"]
[WhiteFideId "2226332"]
[BlackFideId "4101260"]
[WhiteElo "2563"]
[BlackElo "2414"]
[Result "1-0"]
[Round "04"]
[TimeControl "180+2"]
[Date "2023.02.14"]
[WhiteClock "0:00:17"]
[BlackClock "0:00:02"]

1. e4 c5 2. Nc3 e6 3. Nge2 Nc6 4. d4 cxd4 5. Nxd4 Qc7 6. g4 a6 7. Be3 b5 8. Nxc6 Qxc6 9. Qd2 Bb7 10. O-O-O Rc8 11. Kb1 Bb4 12. Qd4 Bxc3 13. bxc3 Nf6 14. f3 Qxc3 15. g5 Qxd4 16. Bxd4 Nh5 17. Bh3 Nf4 18. Bg4 Rg8 19. Be5 Ne2 20. Kb2 b4 21. Rd3 d5 22. exd5 Rc5 23. Re1 Nc3 24. dxe6 fxe6 25. Bxe6 Rf8 26. Bd6 Na4+ 27. Kc1 Rc3 28. Bb3+ 1-0


[Site "https://www.chess.com"]

[Event "Titled Tuesday Blitz February 14 Late 2023"]
[White "Vovk, Orest"]
[Black "Kobo, Ori"]
[WhiteFideId "14113490"]
[BlackFideId "2812320"]
[WhiteElo "2315"]
[BlackElo "2559"]
[Result "0-1"]
[Round "04"]
[TimeControl "180+2"]
[Date "2023.02.14"]
[WhiteClock "0:00:01"]
[BlackClock "0:00:16"]

1. h4 e5 2. h5 h6 3. d4 e4 4. c4 c6 5. Nc3 d5 6. Bf4 Nf6 7. e3 Bb4 8. Qb3 a5 9. a3 Bxc3+ 10. Qxc3 O-O 11. Ne2 Be6 12. Ng3 Nbd7 13. Be2 Re8 14. O-O dxc4 15. Bxc4 Bxc4 16. Qxc4 Nd5 17. Qb3 b5 18. Rac1 a4 19. Qd1 Re6 20. Qg4 N7f6 21. Qf5 Nxf4 22. Qxf4 Qd5 23. Rc5 Qd7 24. Rfc1 Rae8 25. Qf5 Qb7 26. Qf4 b4 27. Nf5 bxa3 28. bxa3 Qd7 29. Qg3 Nxh5 30. Qg4 g6 31. Rxc6 Kh7 0-1


[Site "https://www.chess.com"]

[Event "Titled Tuesday Blitz February 14 Late 2023"]
[White "Makridis, Dimitrios"]
[Black "Al-Tarboush, Ward"]
[WhiteFideId "25864475"]
[BlackFideId "7601450"]
[WhiteElo "2356"]
[BlackElo "2256"]
[Result "1-0"]
[Round "04"]
[TimeControl "180+2"]
[Date "2023.02.14"]
[WhiteClock "0:01:18"]
[BlackClock "0:00:05"]

1. Nc3 d5 2. e4 d4 3. Nce2 e5 4. Nf3 Bd6 5. d3 c5 6. Ng3 Nc6 7. Be2 Nge7 8. O-O f6 9. Nh4 Be6 10. Nhf5 Nxf5 11. exf5 Bd7 12. Bh5+ Ke7 13. f4 exf4 14. Bxf4 Bxf4 15. Rxf4 Ne5 16. c3 Bc6 17. cxd4 cxd4 18. Ne2 Qd5 19. Bf3 Nxf3+ 20. gxf3 Rhd8 21. Nxd4 Qc5 22. Qe2+ Kf8 23. Qe3 Kg8 24. Kf2 Re8 25. Ne6 Qxe3+ 26. Kxe3 Bd5 27. Rc1 Bxe6 28. fxe6 Rxe6+ 29. Re4 Rae8 30. Rc7 f5 31. Rxe6 Rxe6+ 32. Kf4 Rb6 33. b3 Rb5 34. d4 a6 35. Rd7 g6 36. h4 Ra5 37. a4 b5 38. Rd5 Kf7 39. Ke5 Ke7 40. Rc5 Kd7 41. d5 h6 42. d6 g5 43. hxg5 hxg5 44. Rc7+ Kd8 45. Ke6 bxa4 46. Ra7 Kc8 47. d7+ 1-0


[Site "https://www.chess.com"]

[Event "Titled Tuesday Blitz February 14 Late 2023"]
[White "AyMitecK"]
[Black "Pichot, Alan"]
[BlackFideId "110973"]
[WhiteElo "2577"]
[BlackElo "2638"]
[Result "0-1"]
[Round "04"]
[TimeControl "180+2"]
[Date "2023.02.14"]
[WhiteClock "0:00:50"]
[BlackClock "0:00:02"]

1. e4 c5 2. Nf3 e6 3. Nc3 Nc6 4. g3 Nf6 5. Bg2 d6 6. O-O Be7 7. Re1 Qc7 8. d4 cxd4 9. Nb5 Qb8 10. Nbxd4 Ne5 11. Nd2 O-O 12. f4 Ng6 13. N2f3 Bd7 14. Kh1 Qc7 15. Be3 Rfd8 16. Bg1 Rac8 17. c3 Be8 18. Qb3 a6 19. f5 exf5 20. exf5 Ne5 21. Rad1 b5 22. Ne2 Bc6 23. Ned4 Bb7 24. Re3 Re8 25. Rde1 Bf8 26. h3 h6 27. g4 Nc4 28. R3e2 Ne4 29. Bh2 Qc5 30. Nh4 d5 31. Nhf3 Bd6 32. Kg1 Bxh2+ 33. Nxh2 Kh7 34. Nf1 Qd6 35. Qc2 b4 36. Qd3 bxc3 37. Bxe4 Nxb2 38. f6+ Rxe4 39. Qc2 Qxf6 40. Nf5 g6 41. N5g3 Rxe2 42. Rxe2 d4 43. Rf2 Qe6 44. Nh5 d3 45. Qb3 Qxb3 46. Nf6+ Kg7 47. axb3 c2 48. g5 hxg5 49. Ng4 c1=Q 50. Ne5 Qf4 51. Rxf4 gxf4 52. Kf2 Bg2 53. Nd2 Bxh3 54. Ke1 Bd7 55. Nxd7 Rc1+ 56. Kf2 Rc2 57. Ke1 a5 58. Nb6 f3 59. Nd5 a4 60. Ne3 a3 61. Nxc2 dxc2 62. Nxf3 Na4 63. Kf2 Nb6 64. b4 Na8 65. b5 Nc7 66. b6 Na6 67. b7 Nb8 68. Nd4 c1=Q 69. Ne2 Qf4+ 70. Nxf4 a2 71. Ne2 Kh8 72. Kf3 Kg8 73. Kf2 Kf8 74. Ng3 Ke8 75. Ne4 Kd8 76. Nc5 Kc7 77. Nd3 Kxb7 78. Ke3 Nc6 79. Nc5+ Kb6 80. Nb3 Kb5 81. Na1 Kb4 82. Nc2+ Kc3 83. Ne1 a1=Q 84. Nd3 Qg1+ 85. Nf2 Qxf2+ 86. Kxf2 Kd3 87. Kf3 Kd4 88. Kf4 Kd5 89. Kg5 Ke6 90. Kg4 Nb8 91. Kf4 Nd7 92. Kf3 Nb6 93. Kf4 Nd5+ 94. Kf3 f5 95. Kf2 Kf6 96. Kf3 g5 97. Kf2 g4 98. Kg2 Kg5 99. Kf2 f4 100. Kg2 Kf5 101. Kf2 Ke4 102. Kf1 Ne7 103. Kg1 Nf5 104. Kf1 Nh4 105. Kg1 g3 106. Kf1 f3 107. Kg1 Ke3 108. Kf1 Kd2 109. Kg1 Ke2 110. Kh1 Ng6 111. Kg1 Ne5 112. Kh1 Nd3 113. Kg1 Nb4 114. Kh1 Nc2 115. Kg1 Na1 116. Kh1 f2 117. Kg2 f1=Q+ 118. Kxg3 Qf2+ 119. Kg4 Qf3+ 120. Kh4 Qg2 121. Kh5 Qg3 122. Kh6 Qg4 123. Kh7 Qg5 124. Kh8 Nc2 125. Kh7 Nb4 126. Kh8 Nd5 127. Kh7 Nc7 128. Kh8 Ne6 129. Kh7 Qg7# 0-1


[Site "https://www.chess.com"]

[Event "Titled Tuesday Blitz February 14 Late 2023"]
[White "Baghdasaryan, Vahe"]
[Black "Baskakov, Egor"]
[WhiteFideId "13303139"]
[BlackFideId "24197866"]
[WhiteElo "2257"]
[BlackElo "2215"]
[Result "1/2-1/2"]
[Round "04"]
[TimeControl "180+2"]
[Date "2023.02.14"]
[WhiteClock "0:00:24"]
[BlackClock "0:01:26"]

1. e4 c5 2. Nf3 Nf6 3. e5 Nd5 4. Nc3 e6 5. Nxd5 exd5 6. d4 Nc6 7. dxc5 Bxc5 8. Qxd5 d6 9. Bc4 Be6 10. Qd3 Bxc4 11. Qxc4 Qb6 12. O-O Nxe5 13. Nxe5 dxe5 14. c3 Rc8 15. Qd5 O-O 16. Qxe5 Rfe8 17. Qg3 Re2 18. Qg4 Rce8 19. Be3 Rxb2 20. Rae1 Bxe3 21. Rxe3 Rf8 22. a4 g6 23. Qf3 Qa5 24. Re7 b6 25. h4 Rc2 26. h5 Rxc3 27. Qf6 gxh5 28. Re5 Rc5 29. Qg5+ Kh8 30. Qf6+ Kg8 31. Qg5+ Kh8 32. Qf6+ Kg8 1/2-1/2


[Site "https://www.chess.com"]

[Event "Titled Tuesday Blitz February 14 Late 2023"]
[White "Djokic, Mihailo"]
[Black "Holt, Conrad"]
[WhiteFideId "976440"]
[BlackFideId "2034387"]
[WhiteElo "2192"]
[BlackElo "2540"]
[Result "1-0"]
[Round "04"]
[TimeControl "180+2"]
[Date "2023.02.14"]
[WhiteClock "0:00:34"]
[BlackClock "0:00:34"]

1. e4 e6 2. d4 d5 3. Nd2 c5 4. exd5 Qxd5 5. dxc5 Qxc5 6. Ngf3 Nf6 7. Bd3 Nbd7 8. Nb3 Qc7 9. Qe2 b6 10. Bd2 Bb7 11. O-O-O Be7 12. Kb1 O-O 13. h4 e5 14. Bf5 Rac8 15. Bc3 e4 16. Ng5 h6 17. Nxe4 Nxe4 18. Rxd7 Qxc3 19. Rxe7 Qf6 20. Bxe4 Ba6 21. Bd3 Bxd3 22. cxd3 a5 23. Re4 Qg6 24. g3 Rc6 25. h5 Qf5 26. Nd4 1-0


[Site "https://www.chess.com"]

[Event "Titled Tuesday Blitz February 14 Late 2023"]
[White "Acor, Corey"]
[Black "Richter, Paul"]
[WhiteFideId "2024861"]
[BlackFideId "2046350"]
[WhiteElo "2216"]
[BlackElo "2171"]
[Result "1-0"]
[Round "04"]
[TimeControl "180+2"]
[Date "2023.02.14"]
[WhiteClock "0:01:08"]
[BlackClock "0:00:03"]

1. e4 c5 2. Nc3 a6 3. g3 b5 4. Bg2 Bb7 5. d3 e6 6. Be3 Nf6 7. h3 d5 8. exd5 Nxd5 9. Nxd5 Bxd5 10. Nf3 Be7 11. O-O O-O 12. Re1 Nd7 13. Qe2 c4 14. Rad1 cxd3 15. Qxd3 Bxf3 16. Bxf3 Ne5 17. Qe4 Nxf3+ 18. Qxf3 Qc7 19. c3 Rad8 20. Bf4 Qb6 21. a3 a5 22. Kg2 Bf6 23. Be3 Qc7 24. h4 h6 25. Bxh6 Rxd1 26. Rxd1 Rd8 27. Bf4 Qc8 28. Rxd8+ Qxd8 29. Be3 Qb8 30. Qc6 b4 31. cxb4 axb4 32. Bf4 e5 33. Be3 bxa3 34. bxa3 Qb3 35. a4 Qa2 36. Qa8+ Kh7 37. a5 g6 38. a6 e4 39. a7 1-0


[Site "https://www.chess.com"]

[Event "Titled Tuesday Blitz February 14 Late 2023"]
[White "Pakleza, Zbigniew"]
[Black "Ibadov, Dashgyn"]
[WhiteFideId "1119290"]
[BlackFideId "24107514"]
[WhiteElo "2494"]
[BlackElo "2391"]
[Result "1-0"]
[Round "04"]
[TimeControl "180+2"]
[Date "2023.02.14"]
[WhiteClock "0:00:05"]
[BlackClock "0:00:02"]

1. d4 d5 2. Bf4 Nf6 3. e3 c5 4. c3 Nc6 5. Nd2 Qb6 6. Qb3 c4 7. Qc2 g6 8. e4 Nxe4 9. Nxe4 dxe4 10. Bxc4 Bg7 11. Ne2 O-O 12. O-O e5 13. dxe5 Nxe5 14. Bxe5 Bxe5 15. Qxe4 Re8 16. Qf3 Qc7 17. Bd5 Bxh2+ 18. Kh1 Re5 19. g3 Rh5 20. Nf4 Rh6 21. Kg2 g5 22. Nh5 Qd7 23. Kxh2 Qh3+ 24. Kg1 Qxh5 25. Qxh5 Rxh5 26. Rfe1 Kf8 27. Rad1 Bg4 28. Rd4 f5 29. f3 Bh3 30. Bxb7 Rb8 31. Rb4 Rh6 32. Bd5 Rxb4 33. cxb4 Rd6 34. Re5 f4 35. Rxg5 fxg3 36. Rxg3 Rxd5 37. Rxh3 Rd1+ 38. Kf2 Rd2+ 39. Ke3 Rxb2 40. Rxh7 a6 41. a3 Rb3+ 42. Ke4 Rxa3 43. Rb7 Ke8 44. f4 Rb3 45. f5 a5 46. b5 a4 47. Ke5 a3 48. Ke6 Kd8 49. Ra7 Rxb5 50. Ra8+ Kc7 51. Rxa3 Rb2 52. f6 Re2+ 53. Kf7 Kd7 54. Rd3+ Kc6 55. Kg7 Rg2+ 56. Kf8 Rf2 57. f7 Rf1 58. Rd4 Rf2 59. Ke7 Re2+ 60. Kf6 Rf2+ 61. Kg6 Rg2+ 62. Kf5 Rf2+ 63. Rf4 1-0


[Site "https://www.chess.com"]

[Event "Titled Tuesday Blitz February 14 Late 2023"]
[White "Maltsevskaya, Aleksandra"]
[Black "Mekhitarian, Krikor Sevag"]
[WhiteFideId "24174041"]
[BlackFideId "2107660"]
[WhiteElo "2390"]
[BlackElo "2537"]
[Result "0-1"]
[Round "04"]
[TimeControl "180+2"]
[Date "2023.02.14"]
[WhiteClock "0:00:02"]
[BlackClock "0:00:51"]

1. e4 c5 2. Nf3 e6 3. d4 cxd4 4. Nxd4 Nf6 5. Nc3 Nc6 6. Ndb5 Bb4 7. a3 Bxc3+ 8. Nxc3 d5 9. exd5 exd5 10. Bd3 O-O 11. O-O d4 12. Ne2 Bg4 13. f3 Bh5 14. Bg5 Bg6 15. Ng3 Qd6 16. Qd2 Rfe8 17. Rad1 Nd5 18. Bxg6 Qxg6 19. Bf4 Nxf4 20. Qxf4 Qxc2 21. Nf5 Qxb2 22. Qg5 d3 23. Rxd3 g6 24. Nh6+ Kg7 25. Rd7 Ne5 26. Nf5+ Kg8 27. Nh6+ Kf8 28. Rc7 Qb6+ 0-1


[Site "https://www.chess.com"]

[Event "Titled Tuesday Blitz February 14 Late 2023"]
[White "Aldokhin, Ivan"]
[Black "Tsaruk, Maksim"]
[WhiteFideId "24115720"]
[BlackFideId "13511173"]
[WhiteElo "2413"]
[BlackElo "2373"]
[Result "0-1"]
[Round "04"]
[TimeControl "180+2"]
[Date "2023.02.14"]
[WhiteClock "0:00:03"]
[BlackClock "0:00:28"]

1. e4 e5 2. Nf3 Nc6 3. Bb5 a6 4. Ba4 b5 5. Bb3 Nf6 6. d4 Nxd4 7. Nxd4 exd4 8. e5 Bb7 9. exf6 Qxf6 10. O-O c5 11. c4 d5 12. cxb5 axb5 13. Na3 Bc6 14. Qe2+ Qe6 15. Qd1 Be7 16. Re1 Qf6 17. Nxb5 Bxb5 18. Bxd5 Rd8 19. Qb3 O-O 20. Qxb5 Rxd5 21. a4 Bd6 22. g3 d3 23. Bd2 h5 24. Bc3 Qf5 25. Qc4 Rd8 26. Qe4 d2 27. Re2 d1=Q+ 28. Rxd1 Rxd1+ 29. Kg2 Qxe4+ 30. Rxe4 f6 31. a5 Be5 32. Bxe5 fxe5 33. Rxe5 Rb1 34. Rxc5 Rxb2 35. Rxh5 Rf8 36. Kh3 Rfxf2 37. Kg4 Rxh2 0-1


[Site "https://www.chess.com"]